 Dungeon Crawl Stone Soup version 0.31.0-9-g3a7656b989 (webtiles) character file.

Game seed: 4925024309277486057

1873 qw the Skirmisher (level 8, -8/46 HPs)
             Began as a Deep Elf Hunter on Feb 2, 2024.
             Was a Believer of Okawaru.
             Mangled by an orc warrior
             ... wielding a +0 halberd
              (12 damage)
             ... on level 6 of the Dungeon.
             The game lasted 00:00:41 (5003 turns).

qw the Skirmisher (Deep Elf Hunter)                 Turns: 5003, Time: 00:00:41

Health: -8/46      AC:  8    Str: 10    XL:     8   Next: 91%
Magic:  13/13      EV: 12    Int: 15    God:    Okawaru [**....]
Gold:   122        SH:  0    Dex: 18    Spells: 7/7 levels left

rFire   . . .        a - +1 shortbow (drain)
rCold   + . .        (shield currently unavailable)
rNeg    . . .        d - +0 ring mail
rPois   .            c - +0 helmet
rElec   .            (no cloak)
rCorr   .            j - +1 Delatra's gloves {ID++}
SInv    .            (no boots)
Will    .....        g - amulet of faith
Stlth   +            p - ring of protection from cold
HPRegen 0.27/turn    (no ring)
MPRegen 0.13/turn

%: faith
@: about to teleport
A: no striking features
a: Renounce Religion, Heroism


You were on level 6 of the Dungeon.
You worshipped Okawaru.
Okawaru was pleased with you.
You visited 2 branches of the dungeon, and saw 7 of its levels.

You collected 372 gold pieces.
You spent 250 gold pieces at shops.


   Skills:
 - Level 3.4 Fighting
 + Level 13.3 Ranged Weapons
 - Level 1.0 Armour
 - Level 4.5 Dodging
 - Level 1.2 Stealth
 - Level 4.0 Invocations


You had 7 spell levels left.
You didn't know any spells.
Your spell library was empty.

Inventory:

Hand Weapons
 a - a +1 shortbow of draining (weapon)
Armour
 c - a +0 helmet (worn)
 d - a +0 ring mail (worn)
 j - the +1 Delatra's gloves (worn) {ID++}
   (You found it on level 3 of the Dungeon)

   ID++:      It heals its wearer when they drink unknown potions, and restores
   their MP when they read unknown scrolls.
 o - a +2 ring mail of willpower
Jewellery
 f - a ring of ice
 g - an amulet of faith (around neck)
 p - a ring of protection from cold (left hand)
Scrolls
 e - a scroll of silence {unknown}
 l - a scroll of vulnerability {unknown}
Potions
 b - 3 potions of curing
 h - a potion of mutation
 i - a potion of enlightenment
 k - a potion of haste
 n - 2 potions of heal wounds

Dungeon Overview and Level Annotations

Branches:
Dungeon (6/15)             Temple (1/1) D:4

Altars:
Ashenzari
Cheibriados
Elyvilon
Fedhas
Gozag
Hepliaklqana
Makhleb
Nemelex Xobeh
Okawaru
Qazlal
Ru
Sif Muna
Trog
Uskayaw
Wu Jian
Xom
Yredelemnul
Zin
The Shining One

Shops:
D:5 ==

Annotations:
D:3 2 transporters, qw's ghost, weakling GrHu


Message History

The bullfrog hits you.
You shoot an arrow. The arrow hits the bullfrog!
You drain the bullfrog.
The bullfrog is almost dead.
The bullfrog hits you but does no damage.
The bullfrog hits you.
You shoot an arrow. The arrow hits the bullfrog!
You kill the bullfrog!
Okawaru accepts your kill.
You start resting.
HP restored.
You now have 122 gold pieces (gained 13).
An orc warrior comes into view. It is wielding a +0 halberd.
Found an encrusted glass wand.
Enter note:
Enter note: You shoot an arrow.
The arrow hits the orc warrior but does no damage.
The orc warrior shouts!
You shoot an arrow. The arrow hits the orc warrior!
The orc warrior is moderately wounded.
You hear a shout!
An orc priest comes into view. It is wielding a +0 flail.
You shoot an arrow.
The arrow barely misses the orc warrior.
The orc priest shouts!
The orc priest calls down the wrath of Beogh upon you.
Beogh smites you!
You shoot an arrow. The arrow hits the orc warrior.
The orc warrior is heavily wounded.
The orc warrior hits you from afar with a +0 halberd!
You shoot an arrow. The arrow hits the orc warrior!
The orc warrior is severely wounded.
The orc warrior barely misses you.
The orc priest invokes the aid of Beogh against you.
Beogh smites you!
5003 ||| READING scroll of teleportation.
As you read the scroll of teleportation, it crumbles to dust.
You feel strangely unstable.
The orc warrior hits you from afar with a +0 halberd!
You die...

#..#####... ##
#.........# .
#.........# o
##.....##..# #.
#..##..##..# ####.#
##..##...#.##### .....o#
#...# #.........
.......##..####.........
.......@...###..##..####
....###.......#####.##..
/ #......## ##...#
#..###...# #.### #.#
##### ### #. #


You could see an orc warrior and an orc priest.

Vanquished Creatures
  Maggie (D:6)
  Sigmund (D:2)
  A wyvern (D:6)
  A sky beast (D:6)
  An ogre (D:5)
  A phantom (D:5)
  A bullfrog (D:6)
  3 scorpions (D:6)
  A howler monkey (D:4)
  A bombardier beetle (D:4)
  An orc priest (D:4)
  3 jellies (D:5)
  A gnoll bouda (D:5)
  4 iguanas
  An orc wizard (D:3)
  Natasha (twice) (D:2)
  14 gnolls
  10 adders
  2 shadow imps
  2 white imps (D:5)
  2 ufetubi (D:6)
  3 dart slugs (D:1)
  4 ribbon worms
  22 orcs
  6 ball pythons
  11 bats
  7 endoplasms
  4 giant cockroaches
  3 goblins
  10 hobgoblins
  2 jackals (D:4)
  3 quokkas
  2 frilled lizards
  7 kobolds
  2 rats
140 creatures vanquished.

Notes
Turn   | Place    | Note
-------+----------+-------------------------------------------
     0 | D:1      | qw the Deep Elf Hunter began the quest for the Orb.
     0 | D:1      | Reached XP level 1. HP: 12/12 MP: 3/3
     0 | D:1      | 0 ||| qw: Version: 0.3-a-155-g5e7d8dd
     0 | D:1      | 0 ||| qw: Game counter: 1467
     0 | D:1      | 0 ||| qw: Melee chars always use a shield: true
     0 | D:1      | 0 ||| qw: God list: Okawaru
     0 | D:1      | 0 ||| qw: Allow faded altars: false
     0 | D:1      | 0 ||| qw: Do Orc after clearing Dungeon:15 true
     0 | D:1      | 0 ||| qw: Do second Lair branch before Depths: true
     0 | D:1      | 0 ||| qw: Lair rune preference: random
     0 | D:1      | 0 ||| qw: Goals: Normal
     0 | D:1      | 0 ||| PLANNING D:1-11
   136 | D:1      | Reached skill level 6 in Ranged Weapons
   136 | D:1      | Reached XP level 2. HP: 16/16 MP: 4/4
   144 | D:1      | Found a faded altar of an unknown god.
   400 | D:1      | Reached XP level 3. HP: 15/20 MP: 5/5
   716 | D:1      | 716 ||| UPGRADING to amulet of faith.
   721 | D:1      | 721 ||| READING scroll labelled KOD ZUCEECIPS.
   721 | D:1      | 721 ||| IDENTIFYING blue potion
   722 | D:1      | 722 ||| READING scroll labelled IKLUATI TIYNNU.
   723 | D:1      | 723 ||| READING scroll labelled TALEFREPOD.
   724 | D:1      | 724 ||| DRINKING 2 fuming red potions.
   725 | D:1      | 725 ||| DROPPING scroll of butterflies.
   726 | D:1      | 726 ||| DROPPING potion of invisibility.
   727 | D:1      | 727 ||| DROPPING potion of degeneration.
   759 | D:2      | Noticed Natasha
   764 | D:2      | Killed Natasha
   765 | D:2      | Reached skill level 7 in Ranged Weapons
   791 | D:2      | 791 ||| FLEEEEING.
   792 | D:2      | 792 ||| FLEEEEING.
   796 | D:2      | 796 ||| FLEEEEING.
   918 | D:2      | Noticed Sigmund
   926 | D:2      | Killed Sigmund
   927 | D:2      | Reached skill level 9 in Ranged Weapons
   927 | D:2      | Reached XP level 4. HP: 20/25 MP: 6/6
   927 | D:2      | Reached XP level 5. HP: 23/29 MP: 7/7
  1100 | D:2      | Found a shimmering blue altar of Sif Muna.
  1179 | D:2      | Noticed Natasha
  1183 | D:2      | Killed Natasha
  1184 | D:2      | Reached skill level 3 in Dodging
  1184 | D:2      | Reached XP level 6. HP: 34/34 MP: 8/8
  1554 | D:2      | 1554 ||| UPGRADING to +0 ring mail.
  1564 | D:2      | 1564 ||| DROPPING +0 leather armour.
  1565 | D:2      | 1565 ||| READING 2 scrolls labelled ROODIS WEXU.
  1566 | D:2      | 1566 ||| READING scroll labelled ADOUMNA BORESM.
  1567 | D:2      | 1567 ||| READING scroll labelled TONKISINU LATE.
  1571 | D:2      | 1571 ||| READING scroll labelled FEBYRAE NENECH.
  1572 | D:2      | 1572 ||| DROPPING scroll of immolation.
  1586 | D:3      | 1586 ||| STAIRDANCE
  1598 | D:3      | 1598 ||| STAIRDANCE
  1669 | D:3      | HP: 8/35 [orc/+0 mace (4)]
  1939 | D:3      | Noticed qw's ghost (weakling GrHu)
  1940 | D:3      | Found a transporter.
  1940 | D:3      | Found a transporter.
  2140 | D:3      | Found the +1 Delatra's gloves {ID++}
  2330 | D:3      | 2330 ||| UPGRADING to +0 helmet.
  2335 | D:3      | 2335 ||| UPGRADING to +1 Delatra's gloves {ID++}.
  2340 | D:3      | 2340 ||| READING 4 scrolls of identify.
  2340 | D:3      | 2340 ||| IDENTIFYING fizzy cyan potion
  2341 | D:3      | 2341 ||| READING 3 scrolls of identify.
  2341 | D:3      | 2341 ||| IDENTIFYING puce potion
  2342 | D:3      | 2342 ||| READING 2 scrolls of identify.
  2342 | D:3      | 2342 ||| IDENTIFYING orange potion
  2343 | D:3      | 2343 ||| READING scroll of identify.
  2343 | D:3      | 2343 ||| IDENTIFYING murky silvery potion
  2344 | D:3      | 2344 ||| DROPPING potion of ambrosia.
  2385 | D:4      | Reached skill level 1 in Armour
  2570 | D:4      | Found a staircase to the Ecumenical Temple.
  2571 | D:4      | 2571 ||| PLANNING TEMPLE
  2571 | D:4      | 2571 ||| READING scroll labelled XEDGHU KUIMAE.
  2572 | D:4      | 2572 ||| READING scroll labelled GOQANL POUHYRA.
  2572 | D:4      | 2572 ||| BRANDING +0 shortbow.
  2579 | Temple   | Entered the Ecumenical Temple
  2580 | Temple   | 2580 ||| PLANNING OKAWARU WORSHIP
  2590 | Temple   | Became a worshipper of Warmaster Okawaru
  2591 | Temple   | 2591 ||| PLANNING D:1-11
  2734 | D:4      | Reached skill level 10 in Ranged Weapons
  2809 | D:4      | Reached XP level 7. HP: 38/40 MP: 9/9
  2854 | D:4      | 2854 ||| STAIRDANCE
  2887 | D:3      | 2887 ||| DRINKING 2 metallic black potions.
  3189 | D:4      | 3189 ||| READING scroll labelled CAELUR SIDIGO.
  3205 | D:5      | Entered Level 5 of the Dungeon
  3235 | D:5      | Reached skill level 11 in Ranged Weapons
  3243 | D:5      | 3243 ||| FLEEEEING.
  3244 | D:5      | 3244 ||| FLEEEEING.
  3251 | D:5      | Reached * piety under Okawaru
  3377 | D:5      | Reached skill level 1 in Invocations
  3377 | D:5      | Found a sparkling altar of Nemelex Xobeh.
  3384 | D:5      | Found a hide-covered altar of Uskayaw.
  3423 | D:5      | Found Woryni's Jewellery Shop.
  3444 | D:5      | Found a bloodstained altar of Trog.
  3551 | D:5      | Found Yretry's Jewellery Boutique.
  3575 | D:5      | 3575 ||| SHOPLISTING +5 ring of evasion (360 gold, have
                  | 292).
  3575 | D:5      | 3575 ||| SHOPLISTING amulet of Ibyam {RegenMP rN+ Regen+}
                  | (412 gold, have 292).
  3575 | D:5      | 3575 ||| SHOPLISTING amulet of guardian spirit (300 gold,
                  | have 292).
  3575 | D:5      | 3575 ||| SHOPLISTING amulet of reflection (300 gold, have
                  | 292).
  3575 | D:5      | 3575 ||| SHOPLISTING ring "Xosairr" {rElec rN+ Slay+3} (466
                  | gold, have 292).
  3575 | D:5      | 3575 ||| BUYING ring of protection from cold (250 gold).
  3575 | D:5      | Bought a ring of protection from cold for 250 gold pieces
  3634 | D:5      | Reached skill level 3 in Invocations
  3812 | D:5      | 3812 ||| UPGRADING to ring of protection from cold.
  3813 | D:5      | 3813 ||| READING scroll of identify.
  3813 | D:5      | 3813 ||| IDENTIFYING sedimented yellow potion
  3814 | D:5      | 3814 ||| READING scroll labelled NAWNEI BIUQ.
  3814 | D:5      | 3814 ||| ENCHANTING +0 shortbow of draining.
  3815 | D:5      | 3815 ||| DRINKING 2 purple potions.
  3846 | D:5      | 3846 ||| DRINKING 2 clear potions.
  3847 | D:5      | 3847 ||| DROPPING potion of lignification.
  3848 | D:5      | 3848 ||| DROPPING potion of attraction.
  3883 | D:6      | Noticed a wyvern
  3884 | D:6      | 3884 ||| INVOKING Heroism.
  3893 | D:6      | Killed a wyvern
  3894 | D:6      | Reached skill level 12 in Ranged Weapons
  3894 | D:6      | Reached XP level 8. HP: 33/44 MP: 10/12
  3971 | D:6      | Found a sacrificial altar of Ru.
  3985 | D:5      | 3985 ||| SHOPLISTING +6 ring of strength (468 gold, have
                  | 95).
  3985 | D:5      | 3985 ||| Stepping randomly (stuck).
  3986 | D:5      | 3986 ||| Stepping randomly (stuck).
  3987 | D:5      | 3987 ||| Stepping randomly (stuck).
  3988 | D:5      | 3988 ||| Stepping randomly (stuck).
  3989 | D:5      | 3989 ||| Stepping randomly (stuck).
  3990 | D:5      | 3990 ||| Stepping randomly (stuck).
  3991 | D:5      | 3991 ||| Stepping randomly (stuck).
  3992 | D:5      | 3992 ||| Stepping randomly (stuck).
  3993 | D:5      | 3993 ||| Stepping randomly (stuck).
  3994 | D:5      | 3994 ||| Stepping randomly (stuck).
  3995 | D:5      | 3995 ||| Stepping randomly (stuck).
  3996 | D:5      | 3996 ||| Stepping randomly (stuck).
  3997 | D:5      | 3997 ||| Stepping randomly (stuck).
  3998 | D:5      | 3998 ||| Stepping randomly (stuck).
  3999 | D:5      | 3999 ||| Stepping randomly (stuck).
  4000 | D:5      | 4000 ||| Stepping randomly (stuck).
  4001 | D:5      | 4001 ||| Stepping randomly (stuck).
  4002 | D:5      | 4002 ||| Stepping randomly (stuck).
  4003 | D:5      | 4003 ||| Stepping randomly (stuck).
  4004 | D:5      | 4004 ||| Stepping randomly (stuck).
  4005 | D:5      | 4005 ||| Stepping randomly (stuck).
  4006 | D:5      | 4006 ||| Stepping randomly (stuck).
  4007 | D:5      | 4007 ||| Stepping randomly (stuck).
  4008 | D:5      | 4008 ||| Stepping randomly (stuck).
  4009 | D:5      | 4009 ||| Stepping randomly (stuck).
  4010 | D:5      | 4010 ||| Stepping randomly (stuck).
  4011 | D:5      | 4011 ||| Stepping randomly (stuck).
  4012 | D:5      | 4012 ||| Stepping randomly (stuck).
  4013 | D:5      | 4013 ||| Stepping randomly (stuck).
  4014 | D:5      | 4014 ||| Stepping randomly (stuck).
  4015 | D:5      | 4015 ||| Stepping randomly (stuck).
  4016 | D:5      | 4016 ||| Stepping randomly (stuck).
  4017 | D:5      | 4017 ||| Stepping randomly (stuck).
  4018 | D:5      | 4018 ||| Stepping randomly (stuck).
  4019 | D:5      | 4019 ||| Stepping randomly (stuck).
  4020 | D:5      | 4020 ||| Stepping randomly (stuck).
  4021 | D:5      | 4021 ||| Stepping randomly (stuck).
  4022 | D:5      | 4022 ||| Stepping randomly (stuck).
  4023 | D:5      | 4023 ||| Stepping randomly (stuck).
  4024 | D:5      | 4024 ||| Stepping randomly (stuck).
  4025 | D:5      | 4025 ||| Stepping randomly (stuck).
  4026 | D:5      | 4026 ||| Stepping randomly (stuck).
  4027 | D:5      | 4027 ||| Stepping randomly (stuck).
  4028 | D:5      | 4028 ||| Stepping randomly (stuck).
  4029 | D:5      | 4029 ||| Stepping randomly (stuck).
  4030 | D:5      | 4030 ||| Stepping randomly (stuck).
  4031 | D:5      | 4031 ||| Stepping randomly (stuck).
  4032 | D:5      | 4032 ||| Stepping randomly (stuck).
  4033 | D:5      | 4033 ||| Stepping randomly (stuck).
  4034 | D:5      | 4034 ||| Stepping randomly (stuck).
  4035 | D:5      | 4035 ||| Stepping randomly (stuck).
  4036 | D:5      | 4036 ||| READING 2 scrolls of teleportation.
  4302 | D:6      | Reached ** piety under Okawaru
  4454 | D:6      | Reached skill level 3 in Fighting
  4705 | D:6      | Noticed Maggie
  4706 | D:6      | 4706 ||| INVOKING Heroism.
  4716 | D:6      | Killed Maggie
  4717 | D:6      | Reached skill level 13 in Ranged Weapons
  5002 | D:6      | HP: 4/46 [orc priest/divine providence (12)]
  5003 | D:6      | 5003 ||| READING scroll of teleportation.
  5003 | D:6      | Mangled by an orc warrior

Levels and vault maps discovered:
D:1:      nicolae_arrival_washed_ashore, layout_basic,
          hellmonk_ecumenical_altar_lost_god
D:2:      layout_basic, basic_altar, hangedman_feature_mirror,
          minmay_box_of_dots, uniq_natasha, uniq_sigmund
D:3:      layout_basic, gammafunk_ghost_smash, pf_guarded_unrand_delatra,
          uniq_crazy_yiuf_cottage
D:4:      layout_basic, minmay_temple_entry_hall
D:5:      layout_basic, grunt_temple_overflow_open,
          mainiacjoe_overflow_concentric_impassable, serial_shops, shop,
          nicolae_take_the_stairs
D:6:      old_forge, layout_layer_cave, mainiacjoe_overflow_catch_the_wave,
          uniq_maggie
Temple:   eino_temple_water

Skill      XL: |  1  2  3  4  5  6  7  8 |
---------------+-------------------------+-----
Ranged Weapons | 6 9 10 12 13 | 13.3
Dodging        | 3 4 |  4.5
Fighting       | 2 3 |  3.4
Armour         | 1 |  1.0
Invocations    | 3 4 |  4.0
Stealth        | |  1.2

Action                     |  1- 3 |  4- 6 |  7- 9 || total
---------------------------+-------+-------+-------++-------
   Fire: Shortbow          |    85 |   170 |   215 ||   470
 Invoke: Heroism           |       |       |     2 ||     2
    Use: Scroll            |     3 |    10 |     5 ||    18
         Potion            |     1 |       |     3 ||     4
 Armour: Leather armour    |    12 |     8 |       ||    20
         Ring mail         |       |    38 |    60 ||    98
  Dodge: Dodged            |    15 |    51 |    45 ||   111

Table legend:
 A = Non-vault XP
 B = Vault XP
 C = Vault XP percentage of total XP
 D = Non-vault monster count
 E = Vault monster count
 F = Vault count percentage of total count
                 A         B        C        D         E       F
            +---------+---------+-------+---------+---------+-------
      Total |    1680 |     997 |  37.2 |     113 |      27 |  19.3
            +---------+---------+-------+---------+---------+-------
        D:1 |      42 |       0 |   0.0 |      20 |       0 |   0.0
        D:2 |      90 |     278 |  75.5 |      22 |       7 |  24.1
        D:3 |      34 |      48 |  58.5 |      11 |       5 |  31.2
        D:4 |     376 |       0 |   0.0 |      24 |       0 |   0.0
        D:5 |     526 |       0 |   0.0 |      19 |       0 |   0.0
        D:6 |     612 |     671 |  52.3 |      17 |      15 |  46.9
            +---------+---------+-------+---------+---------+-------
